 Dungeon Crawl Stone Soup version 0.29-a0-321-gf1c400731a (webtiles) character file.

Game seed: 12771113205860316711

7 Flugslaktarn the Vexing (level 1, -3/16 HPs)
             Began as a Palentonga Enchanter on Apr 2, 2022.
             Slain by a kobold
             ... wielding a +0 whip
              (4 damage)
             ... on level 1 of the Dungeon.
             The game lasted 00:00:28 (123 turns).

Flugslaktarn the Vexing (Palentonga Enchanter)       Turns: 123, Time: 00:00:28

Health: -3/16      AC:  4    Str: 11    XL:     1   Next: 91%
Magic:  3/3        EV:  9    Int: 15    God:
Gold:   14         SH:  0    Dex: 10    Spells: 4/4 levels left

rFire   . . .      SeeInvis +   a - +1 dagger
rCold   . . .      Faith    .   (no shield)
rNeg    . . .      Spirit   .   b - +0 robe
rPois   .          Reflect  .   (no helmet)
rElec   .          Harm     .   (no cloak)
rCorr   .          Rampage  .   (no gloves)
Will    .....                   (no barding)
Stlth   ++........              (no amulet)
HPRegen 0.05/turn               (no ring)
MPRegen 0.08/turn               (no ring)

@: no status effects
A: large, rugged brown scales 3, see invisible, deformed body, roll 1, armoured
tail
a: Rolling Charge


You were on level 1 of the Dungeon.
You visited 1 branch of the dungeon, and saw 1 of its levels.

You collected 14 gold pieces.

Inventory:

Hand Weapons
 a - a +1 dagger (weapon)
Armour
 b - a +0 robe (worn)
Scrolls
 e - a scroll of fog {unknown}
Potions
 c - 2 potions of invisibility
 d - a potion of lignification {unknown}


   Skills:
 + Level 1.6 Fighting
 - Level 1.0 Short Blades
 - Level 1.5 Dodging
 - Level 2.0 Stealth
 - Level 2.0 Spellcasting
 - Level 3.0 Hexes


You had 4 spell levels left.
You didn't know any spells.
Your spell library contained the following spells:

 Spells                   Type           Power      Damage    Failure   Level
 Ensorcelled Hibernation  Hex/Ice        12%        N/A       19%         2
 Confusing Touch          Hex            10%        N/A       19%         3
 Tukima's Dance           Hex            10%        N/A       19%         3
 Dazzling Flash           Conj/Hex       12%        N/A       34%         3


Dungeon Overview and Level Annotations

Branches:
Dungeon (1/15)

Altars:


Innate Abilities, Weirdness & Mutations

You are completely covered in rugged brown scales. (AC +3, +7% HP)
You have supernaturally acute eyesight. (SInv)
Armour fits poorly on your strangely shaped body.
You can roll at nearby foes to attack.
You have a long armoured tail.


Message History

The hobgoblin is almost dead.
The hobgoblin closely misses you.
You hit the hobgoblin.
You kill the hobgoblin!
No target in view!
No target in view!
No target in view!
You see here a bat corpse.
A goblin comes into view. It is wielding a +0 dagger.
You see here a smoky inky potion.
You see here a smoky inky potion.
d - a smoky inky potion The goblin shouts!
There's nothing you can charge at!
Unknown command.
Roll where?
Press: ? - help, Dir - move target, f - goblin
Aim: a goblin, wielding a +0 dagger You roll forward with a clatter of scales!
An endoplasm comes into view.
The endoplasm quivers.
You hit the goblin.
The goblin is moderately wounded.
The goblin hits you but does no damage.
You hit the goblin.
You kill the goblin!
Your Fighting skill increases to level 1!
A dart slug comes into view.
You see here a +0 dagger.
You hit the endoplasm.
The endoplasm is severely wounded.
The endoplasm hits you but does no damage.
You hit the endoplasm.
The endoplasm is almost dead.
The endoplasm freezes you.
You are frozen.
You hit the endoplasm but do no damage.
The endoplasm is almost dead.
The endoplasm hits you.
You hit the endoplasm.
You kill the endoplasm!
The dart slug bites you but does no damage.
You hit the dart slug.
The dart slug is moderately wounded.
A dart slug comes into view.
The dart slug bites you but does no damage.
You hit the dart slug.
The dart slug is severely wounded.
You barely miss the dart slug.
The dart slug is severely wounded.
The dart slug bites you but does no damage.
You hit the dart slug but do no damage.
The dart slug is severely wounded.
The dart slug barely misses you.
You hit the dart slug.
The dart slug is almost dead.
You hit the dart slug but do no damage.
You tail-slap the dart slug, but do no damage.
The dart slug is almost dead.
The dart slug launches a dart at you. The slug dart misses you.
You hit the dart slug.
You kill the dart slug!
You see here a dart slug corpse.
The dart slug launches a dart at you. The slug dart hits you.
Found a scroll labelled KUWNEO GUIN.
Found 14 gold pieces.
e - a scroll labelled KUWNEO GUIN
Found a stone staircase leading down.
A kobold comes into view. It is wielding a +0 whip.
The kobold shouts!
A kobold comes into view. It is wielding a +0 short sword.
You see here 14 gold pieces.
You now have 14 gold pieces.
You closely miss the kobold. You barely miss the kobold.
You barely miss the kobold.
Your tail-slap misses the kobold.
The kobold hits you with a +0 whip.
You are too injured to fight recklessly!
You hit the kobold but do no damage.
The kobold hits you with a +0 short sword.
The kobold hits you but does no damage.
You hit the kobold.
The kobold is severely wounded.
The kobold hits you with a +0 short sword.
The kobold hits you but does no damage.
You hit the kobold but do no damage.
The kobold is severely wounded.
The kobold hits you with a +0 short sword.
The kobold barely misses you.
You closely miss the kobold.
The kobold is severely wounded.
The kobold hits you with a +0 short sword.
* * * LOW HITPOINT WARNING * * *
The kobold closely misses you.
You closely miss the kobold.
The kobold is severely wounded.
The kobold hits you with a +0 whip.
You die...

#...# ##### #.
#.. ..# ....#
#.. #.# #..#
....# ...###.#
#..# ....#
.......# #..#
...≈# .K....
... .≈.≈# .
...# #.# .≈.≈#
#...###K####.#
...≈#
#.>..K@.....#
....#
#...........#
....#
#.#########.#
....# #.#
'#### #.# .8#
#.# ..# #.#
.##### #.#
....... #.#


You could see 2 kobolds.

Vanquished Creatures
  A dart slug (D:1)
  An endoplasm (D:1)
  A goblin (D:1)
  A hobgoblin (D:1)
  A bat (D:1)
5 creatures vanquished.

Notes
Turn   | Place    | Note
-------+----------+-------------------------------------------
     0 | D:1      | Flugslaktarn the Palentonga Enchanter began the quest for
                  | the Orb.
     0 | D:1      | Reached XP level 1. HP: 13/13 MP: 3/3
    51 | D:1      | Reached skill level 1 in Fighting
   123 | D:1      | Slain by a kobold

Illustrated notes

Levels and vault maps discovered:
D:1:      scummos_arrival_gate, layout_loops_ring,
          ebering_ecumenical_altar_mist, minmay_pentomino_t4

Skill      XL: |  1 |
---------------+----+-----
Fighting       | 1 |  1.6
Short Blades   | |  1.0
Dodging        | |  1.5
Stealth        | |  2.0
Spellcasting   | |  2.0
Hexes          | |  3.0

Action                   || total
-------------------------++-------
Melee: Dagger            ||    28
       Tailslap          ||     1
 Abil: Rolling Charge    ||     1
Armor: Robe              ||     8
Dodge: Dodged            ||     9

Table legend: (Time is in decaauts)
 A = Elapsed time spent in this place.
 B = Non-inter-level travel time spent in this place.
 C = Inter-level travel time spent in this place.
 D = Time resting spent in this place.
 E = Time spent auto-exploring this place.
 F = Levels seen in this place.
 G = Mean time per level.
                   A        B        C        D        E       F      G
               +--------+--------+--------+--------+--------+-----+--------+
         Total |    121 |    121 |      0 |      0 |      0 |   1 |  121.0 |
       Dungeon |    121 |    121 |      0 |      0 |      0 |   1 |  121.0 |
               +--------+--------+--------+--------+--------+-----+--------+

Top non-repeatable levels by time:
     D:1: 121 daAuts
